AoeStats
← a.l.a.n.t

Black Forest

508474749Analyzed
4v4 RM · 10d ago on Sep 22, 2026· 59m 39s· 8 players
Game mode
Random Map
Map size
Large (8 player)
Population
200
Speed
Normal
Resources
Standard
Victory
Conquest
Starting age
Dark Age
Ending age
Imperial Age
RankedLock teamsTeams togetherTeam positionsShared explorationLock speedFull tech treeHidden civsTurbo modeCheats
Victory
Defeat
🇿🇦 Saxons · South Africa
1441
+16
🇮🇹 Danes · Italy
1440
+16
🇺🇸 Saxons · United States
1337
+20
🇧🇷 Danes · Brazil
1310
+20
🇳🇱 Varangians · Netherlands
1451
-19
🇩🇪 Slavs · Germany
1445
-19
🇦🇹 Armenians · Austria
1417
-18
🇬🇧 Bohemians · United Kingdom
1389
-16
a.l.a.n.t
0:54 Loom
13:09 Feudal Age
14:32 Town Watch
15:05 Horse Collar
18:02 Castle Age
16:02 Double-Bit Axe
19:54 Bow Saw
25:19 Town Patrol
26:34 Wheelbarrow
28:39 Fortified Wall
33:21 Imperial Age
32:29 Chemistry
33:55 Padded Archer Armor
36:01 Siege Engineers
43:52 Caravan
MiG Shredder
0:52 Loom
11:17 Feudal Age
15:15 Castle Age
14:23 Horse Collar
14:30 Double-Bit Axe
15:36 Town Watch
16:16 Bow Saw
18:00 Fletching
24:30 Heavy Plow
25:14 Wheelbarrow
26:54 Gold Mining
32:12 Imperial Age
32:08 Hand Cart
31:53 Town Patrol
35:07 Fortified Wall
36:21 Onager
38:23 Conscription
39:41 Bodkin Arrow
39:46 Scale Mail Armor
39:52 Scale Barding Armor
41:49 Gold Shaft Mining
41:43 Forging
41:45 Bloodlines
42:02 Siege Engineers
41:48 Light Cavalry
42:30 Husbandry
44:54 Chain Barding Armor
44:15 Hussar
47:02 Chemistry
48:15 Stone Mining
48:54 Siege Onager
49:39 Detinets
50:41 Caravan
52:45 Plate Barding Armor
52:46 Iron Casting
53:19 Ballistics
53:46 Masonry
VesperalCamp546
7:04 Loom
11:22 Feudal Age
14:53 Castle Age
12:55 Double-Bit Axe
13:25 Horse Collar
15:48 Bow Saw
22:35 Heavy Plow
24:42 Wheelbarrow
24:35 Gold Mining
24:36 Stone Mining
29:39 Imperial Age
27:35 Scale Barding Armor
28:05 Forging
29:18 Chain Barding Armor
29:47 Iron Casting
29:38 Hand Cart
30:33 Ballistics
30:21 Elite Jarl
31:33 Bloodlines
31:24 Husbandry
32:01 Plate Barding Armor
32:23 Conscription
34:00 Blast Furnace
34:00 Light Cavalry
37:28 Fletching
40:01 Onager
41:49 Bodkin Arrow
41:51 Hussar
49:15 Two-Man Saw
58:38 Elite Skirmisher
ZiGZAG
4:55 Loom
10:38 Feudal Age
14:33 Castle Age
12:46 Double-Bit Axe
13:11 Horse Collar
15:13 Wheelbarrow
20:13 Forging
20:03 Scale Mail Armor
19:51 Man-at-Arms
24:47 Bow Saw
24:41 Heavy Plow
24:34 Gold Mining
25:48 Long Swordsman
29:36 Imperial Age
27:23 Hand Cart
26:53 Town Watch
28:22 Iron Casting
27:47 Scale Mail Armor
27:10 Two-Handed Swordsman
27:37 Gambesons
28:18 Champion
28:59 Squires
28:44 Arson
30:00 Chain Mail Armor
30:17 Town Patrol
31:19 Blast Furnace
31:00 Gold Shaft Mining
30:16 Stone Mining
30:07 Capped Ram
31:26 Plate Mail Armor
30:47 Fletching
30:57 Padded Archer Armor
31:56 Siege Ram
33:10 Fereters
37:46 Elite Skirmisher
38:53 Ballistics
50:52 Leather Archer Armor
50:32 Bodkin Arrow
50:44 Scale Barding Armor
50:24 Sappers
51:30 Hoardings
51:21 Caravan
56:04 Chemistry
55:26 Chain Barding Armor
56:43 Bracer
57:32 Light Cavalry
58:23 Bloodlines
58:13 Husbandry
Neebs
11:18 Feudal Age
12:24 Double-Bit Axe
14:53 Castle Age
13:32 Horse Collar
15:45 Bow Saw
16:36 Fishing Lines
18:40 Gold Mining
20:20 Wheelbarrow
19:31 Loom
19:34 Town Watch
21:51 Gillnets
22:22 Heavy Plow
23:46 Hand Cart
25:35 Stone Mining
26:21 Gold Shaft Mining
29:34 Imperial Age
29:01 Scale Mail Armor
29:05 Squires
28:51 Gambesons
28:51 Arson
30:25 Chain Mail Armor
31:21 Two-Man Saw
30:53 Crop Rotation
30:07 Elite Varangian Guard
31:12 Conscription
30:13 Shield Wall
31:32 Siege Engineers
31:59 Plate Mail Armor
32:00 Caravan
32:37 Forging
33:18 Ballistics
34:13 Iron Casting
34:20 Fletching
37:29 Guilds
36:42 Elite Hearth Troop
39:50 Man-at-Arms
39:51 Pikeman
40:27 Long Swordsman
40:29 Halberdier
41:15 Two-Handed Swordsman
41:53 Champion
43:44 Coinage
45:14 Hoardings
46:35 Thumb Ring
45:52 Heavy Mounted Crossbowman
46:31 Bodkin Arrow
47:38 Chemistry
47:03 Masonry
47:29 Banking
47:57 Bracer
48:38 Padded Archer Armor
48:02 Cranequins
49:42 Leather Archer Armor
50:00 Architecture
51:03 Husbandry
51:14 Bloodlines
54:21 Ring Archer Armor
57:56 Treadmill Crane
58:00 Capped Ram
BaianinhoDeMaua
0:27 Loom
11:54 Feudal Age
15:23 Castle Age
16:08 Fletching
25:45 Scale Mail Armor
34:48 Imperial Age
32:27 Double-Bit Axe
35:17 Heavy Scorpion
38:24 Bow Saw
39:48 Onager
41:16 Wheelbarrow
40:57 Gold Mining
41:46 Siege Onager
45:43 Elite Varangian Guard
46:40 Chain Mail Armor
46:35 Forging
46:46 Squires
48:42 Northmen's Fury
49:45 Siege Engineers
57:13 Pikeman
58:31 Iron Casting
58:27 Halberdier
60:05 Plate Mail Armor
Ser_0
10:17 Feudal Age
14:36 Castle Age
13:22 Fishing Lines
14:19 Double-Bit Axe
16:33 Gillnets
18:07 Bow Saw
20:02 Wheelbarrow
22:59 Hand Cart
23:54 Gold Mining
25:05 Stone Mining
25:51 Gold Shaft Mining
29:36 Imperial Age
26:54 Loom
28:18 Masonry
28:31 Ballistics
28:19 Squires
28:16 Town Watch
28:42 Pikeman
29:22 Hamask
29:52 Onager
30:46 Siege Engineers
30:44 Capped Ram
32:00 Northmen's Fury
33:01 Conscription
32:40 Siege Onager
32:55 Pikeman
33:23 Elite Varangian Guard
34:21 Elite Jomsviking
35:15 Siege Ram
36:10 Horse Collar
37:26 Hoardings
36:16 Halberdier
37:45 Heavy Scorpion
39:13 Scale Mail Armor
39:23 Forging
41:04 Chain Mail Armor
41:25 Iron Casting
41:09 Arson
41:11 Gambesons
42:08 Coinage
41:39 Caravan
42:19 Plate Mail Armor
44:26 Banking
50:29 Blast Furnace
49:19 Fletching
52:59 Bodkin Arrow
55:10 Elite Skirmisher
57:48 Bracer
57:48 Padded Archer Armor
58:24 Thumb Ring
59:34 Leather Archer Armor
Nduku
1:13 Loom
13:51 Feudal Age
17:54 Castle Age
16:29 Double-Bit Axe
18:28 Fishing Lines
19:02 Bow Saw
22:47 Wheelbarrow
22:03 Town Watch
23:10 Gillnets
28:18 Hand Cart
31:24 Imperial Age
28:44 Gambesons
28:59 Squires
28:45 Arson
29:46 Arson
31:35 Scale Mail Armor
31:32 Elite Varangian Guard
32:32 Chain Mail Armor
32:28 Forging
32:58 Conscription
32:24 Elite Hearth Troop
32:24 Shield Wall
33:19 Forging
32:54 Shield Wall
34:11 Hoardings
34:27 Plate Mail Armor
34:35 Iron Casting
34:18 Caravan
35:02 Masonry
35:46 Fletching
36:20 Ballistics
37:01 Chemistry
36:32 Architecture
35:42 Treadmill Crane
37:41 Bodkin Arrow
39:01 Chemistry
42:28 Two-Man Saw
43:16 Bracer
42:53 Elite Varangian Guard
50:25 Guard Tower
50:20 Arrowslits
50:16 Treadmill Crane
52:41 Keep
Connection lost

Rejoining the realm…

Still unreachable

The connection could not be restored.

Session expired

The server has moved on; the page needs a fresh start.